[ AOE2 MATCH · #471425762 ]
Team RMJapanese vs Japanese
[ REPLAY ANALYSIS · EXTRACTED FROM THE RECORDED GAME ]
Feudal
11:46
Castle
16:56
Imperial
37:36
| APM avg | 30.9 |
| APM peak | 56 |
| eAPM avg | 18.1 |
| Villagers / military | 115 / 158 |
Focus
⚔️ 26.3% · 🌾 73.7%
Spearman ×74 · Cavalry Archer ×26 · Skirmisher ×25 · Samurai ×23 · Trebuchet (Packed) ×6 · Monk ×2
Feudal
10:18
Castle
15:58
Imperial
38:39
| APM avg | 17.7 |
| APM peak | 52 |
| eAPM avg | 10.2 |
| Villagers / military | 96 / 151 |
Focus
⚔️ 28.5% · 🌾 71.5%
Camel Scout ×51 · Genitour ×36 · Scout Cavalry ×35 · Knight ×10 · Spearman ×10 · Cavalry Archer ×5
Feudal
10:34
Castle
19:14
Imperial
29:56
| APM avg | 13.7 |
| APM peak | 38 |
| eAPM avg | 10.2 |
| Villagers / military | 106 / 139 |
Focus
⚔️ 19.7% · 🌾 80.3%
Jaguar Warrior ×128 · Trade Cart ×5 · Eagle Scout ×4 · Monk ×3 · Trebuchet (Packed) ×3 · Spearman ×1
Feudal
12:25
Castle
16:18
Imperial
36:00
| APM avg | 18.8 |
| APM peak | 71 |
| eAPM avg | 12.6 |
| Villagers / military | 130 / 84 |
Focus
⚔️ 15.2% · 🌾 84.8%
Scout Cavalry ×63 · Knight ×15 · Mangonel ×4 · Bombard Cannon ×2
Feudal
—
Castle
—
Imperial
—
| APM avg | 12.8 |
| APM peak | 33 |
| eAPM avg | 10.3 |
| Villagers / military | 97 / 256 |
Focus
⚔️ 27.4% · 🌾 72.6%
Militia ×198 · Knight ×52 · Trebuchet (Packed) ×6
Feudal
11:59
Castle
17:08
Imperial
35:58
| APM avg | 19.6 |
| APM peak | 84 |
| eAPM avg | 8.2 |
| Villagers / military | 89 / 76 |
Focus
⚔️ 31.2% · 🌾 68.8%
Militia ×47 · Spearman ×24 · Mangonel ×3 · Conquistador ×2
Feudal
12:51
Castle
19:08
Imperial
31:51
| APM avg | 26.2 |
| APM peak | 62 |
| eAPM avg | 19.3 |
| Villagers / military | 120 / 297 |
Focus
⚔️ 24.9% · 🌾 75.1%
Samurai ×122 · Spearman ×104 · Skirmisher ×30 · Genitour ×21 · Trebuchet (Packed) ×12 · Cavalry Archer ×5
Feudal
10:56
Castle
13:57
Imperial
26:28
| APM avg | 17.5 |
| APM peak | 36 |
| eAPM avg | 12.0 |
| Villagers / military | 109 / 79 |
Focus
⚔️ 27.3% · 🌾 72.7%
Battle Elephant ×53 · Scorpion ×22 · Trade Cart ×10 · Trebuchet (Packed) ×4
Match map
Initial resources + every placement click. Lines = walls · curves = elevation contours. ◆ gold · ⬟ stone · ● berries · ✦ relic · ◌ wall gap
Your base· ✓ Closed at 16:56 · 0t walls · 3 gate(s)
alterg27's base· ✓ Closed at 15:58 · 0t walls · 3 gate(s)
loganbelmont227's base· ✓ Closed at 19:14 · 0t walls · 3 gate(s)
Kılıçarslan's base· ✓ Closed at 16:18 · 0t walls · 3 gate(s)
WhiteBr0nc0's base· ✓ Closed at 12:21 · 0t walls · 2 gate(s)
Dostoyevski's base· ✓ Closed at 17:08 · 0t walls · 3 gate(s)
12121212's base· ✓ Closed at 19:08 · 0t walls · 2 gate(s)
BrisVegasDan's base· ✓ Closed at 13:57 · 0t walls · 2 gate(s)
Smoothed initial terrain · ◌ = detected wall gap · hover for details
Inputs per minute
— AllBirds - - alterg27
Build order — AllBirds
First 150 of 377 actions detected
| 0:01 | Create | Villager (Male) ×4 |
| 0:03 | Build | House |
| 0:05 | Build | House |
| 1:27 | Create | Villager (Male) |
| 1:46 | Build | Lumber Camp |
| 2:10 | Create | Villager (Male) |
| 2:10 | Create | Villager (Male) |
| 2:10 | Create | Villager (Male) |
| 2:22 | Create | Villager (Male) |
| 2:22 | Create | Villager (Male) |
| 2:54 | Create | Villager (Male) |
| 3:07 | Create | Villager (Male) |
| 3:07 | Create | Villager (Male) |
| 3:51 | Create | Villager (Male) |
| 3:51 | Create | Villager (Male) |
| 3:57 | Build | House |
| 4:16 | Build | House |
| 4:25 | Create | Villager (Male) |
| 4:42 | Build | Mill |
| 4:56 | Create | Villager (Male) |
| 4:57 | Create | Villager (Male) |
| 4:57 | Create | Villager (Male) |
| 5:49 | Create | Villager (Male) |
| 5:51 | Create | Villager (Male) |
| 6:21 | Build | House |
| 6:24 | Create | Villager (Male) |
| 6:56 | Create | Villager (Male) |
| 7:01 | Create | Villager (Male) |
| 7:22 | Create | Villager (Male) |
| 8:01 | Build | House |
| 8:08 | Create | Villager (Male) |
| 8:52 | Create | Villager (Male) |
| 9:36 | Research | Feudal Age |
| 10:04 | Create | Villager (Male) |
| 10:04 | Create | Villager (Male) |
| 10:29 | Build | Mining Camp |
| 11:16 | Build | Farm |
| 11:18 | Build | Farm |
| 11:19 | Build | Farm |
| 11:46 | Age | Feudal Age |
| 11:47 | Build | House |
| 11:48 | Build | House |
| 11:55 | Research | Double-Bit Axe |
| 12:09 | Build | Market |
| 12:20 | Build | Blacksmith |
| 12:24 | Build | Farm |
| 12:25 | Create | Villager (Male) |
| 12:43 | Research | Horse Collar |
| 13:11 | Build | Farm |
| 13:13 | Build | Farm |
| 13:15 | Create | Villager (Male) |
| 13:42 | Build | Farm |
| 13:46 | Build | Farm |
| 14:16 | Research | Castle Age |
| 14:21 | Research | Padded Archer Armor |
| 14:44 | Build | Mining Camp |
| 14:56 | Build | Barracks |
| 14:59 | Build | House |
| 14:59 | Build | House |
| 15:09 | Research | Gold Mining |
| 15:45 | Research | Fletching |
| 15:58 | Build | Archery Range |
| 15:59 | Build | Archery Range |
| 16:33 | Create | Villager (Male) |
| 16:34 | Create | Villager (Male) |
| 16:56 | Age | Castle Age |
| 16:59 | Research | Elite Skirmisher (upgrade) |
| 17:06 | Research | Heavy Plow |
| 17:10 | Create | Villager (Male) |
| 17:21 | Create | Skirmisher |
| 17:21 | Create | Skirmisher |
| 17:27 | Create | Spearman |
| 17:37 | Research | Loom |
| 17:59 | Build | Farm |
| 18:09 | Create | Skirmisher |
| 18:09 | Create | Skirmisher |
| 18:20 | Create | Villager (Male) |
| 18:20 | Create | Villager (Male) |
| 18:22 | Build | Farm |
| 18:32 | Research | Leather Archer Armor |
| 18:56 | Create | Skirmisher |
| 18:56 | Create | Skirmisher |
| 19:09 | Create | Skirmisher |
| 19:09 | Create | Skirmisher |
| 19:12 | Create | Spearman |
| 19:13 | Create | Spearman |
| 19:43 | Build | Stone Wall |
| 19:44 | Build | Stone Wall |
| 19:52 | Create | Skirmisher |
| 19:55 | Create | Villager (Male) |
| 19:56 | Create | Villager (Male) |
| 19:59 | Build | Farm |
| 20:00 | Build | Farm |
| 20:18 | Build | Stone Wall |
| 20:19 | Build | Stone Wall |
| 20:39 | Build | Farm |
| 20:40 | Create | Villager (Male) |
| 20:43 | Create | Skirmisher |
| 20:43 | Create | Skirmisher |
| 20:57 | Build | Outpost |
| 20:59 | Build | Outpost |
| 21:07 | Research | Bow Saw |
| 21:17 | Build | House |
| 21:17 | Build | House |
| 21:29 | Create | Villager (Male) |
| 21:29 | Create | Villager (Male) |
| 21:32 | Build | Farm |
| 21:55 | Create | Cavalry Archer |
| 21:55 | Create | Cavalry Archer |
| 22:11 | Build | Farm |
| 22:12 | Create | Villager (Male) |
| 22:17 | Research | Bodkin Arrow |
| 22:25 | Create | Cavalry Archer |
| 22:26 | Create | Cavalry Archer |
| 22:34 | Build | Farm |
| 22:36 | Create | Villager (Male) |
| 23:20 | Research | Scale Barding Armor |
| 23:26 | Build | Siege Workshop |
| 23:52 | Build | Farm |
| 23:53 | Build | Farm |
| 23:56 | Research | Wheelbarrow |
| 24:01 | Build | House |
| 24:18 | Build | Barracks |
| 24:18 | Build | Barracks |
| 24:22 | Research | Pikeman (upgrade) |
| 24:26 | Create | Spearman |
| 24:26 | Create | Spearman |
| 25:00 | Create | Spearman |
| 25:02 | Research | Squires |
| 25:10 | Build | House |
| 25:14 | Create | Villager (Male) |
| 25:14 | Create | Villager (Male) |
| 25:25 | Create | Spearman |
| 25:36 | Build | Palisade Wall |
| 25:48 | Create | Skirmisher |
| 25:48 | Create | Skirmisher |
| 25:50 | Research | Arson |
| 25:52 | Create | Spearman |
| 25:58 | Create | Spearman |
| 26:01 | Create | Spearman |
| 26:01 | Create | Spearman |
| 26:03 | Build | Farm |
| 26:05 | Create | Villager (Male) |
| 26:27 | Build | Castle |
| 26:35 | Build | Barracks |
| 26:48 | Create | Spearman |
| 26:49 | Create | Spearman |
| 26:49 | Create | Spearman |
| 27:07 | Create | Villager (Male) |
| 27:14 | Research | Forging |
Build order — alterg27
First 150 of 285 actions detected
| 0:01 | Create | Villager (Male) |
| 0:02 | Create | Villager (Male) |
| 0:02 | Create | Villager (Male) |
| 0:03 | Create | Villager (Male) |
| 0:06 | Build | House |
| 0:33 | Build | House |
| 1:37 | Create | Villager (Male) |
| 2:03 | Create | Villager (Male) |
| 2:14 | Build | Mill |
| 2:32 | Create | Villager (Male) |
| 2:32 | Create | Villager (Male) |
| 2:53 | Create | Villager (Male) |
| 3:21 | Create | Villager (Male) |
| 3:30 | Build | House |
| 3:40 | Create | Villager (Male) |
| 4:05 | Create | Villager (Male) |
| 4:27 | Create | Villager (Male) |
| 4:27 | Create | Villager (Male) |
| 4:46 | Build | Lumber Camp |
| 4:52 | Create | Villager (Male) |
| 5:21 | Create | Villager (Male) |
| 5:21 | Create | Villager (Male) |
| 5:22 | Create | Villager (Male) |
| 6:24 | Create | Villager (Male) |
| 6:26 | Create | Villager (Male) |
| 6:33 | Build | House |
| 7:32 | Create | Villager (Male) |
| 8:02 | Research | Feudal Age |
| 8:18 | Build | Mining Camp |
| 8:25 | Create | Villager (Male) |
| 9:58 | Build | Farm |
| 9:59 | Build | Farm |
| 9:59 | Build | Farm |
| 10:00 | Build | Farm |
| 10:18 | Age | Feudal Age |
| 10:24 | Build | Market |
| 10:32 | Create | Villager (Male) |
| 10:32 | Create | Villager (Male) |
| 10:42 | Build | House |
| 11:06 | Build | Blacksmith |
| 11:38 | Create | Villager (Male) |
| 11:59 | Create | Villager (Male) |
| 12:16 | Create | Villager (Male) |
| 12:51 | Create | Villager (Male) |
| 13:05 | Build | Farm |
| 13:06 | Build | Farm |
| 13:08 | Build | Farm |
| 13:10 | Build | Farm |
| 13:11 | Build | Farm |
| 13:16 | Research | Castle Age |
| 14:03 | Research | Double-Bit Axe |
| 14:07 | Research | Horse Collar |
| 14:13 | Research | Loom |
| 14:31 | Build | House |
| 14:37 | Build | House |
| 14:45 | Build | House |
| 14:47 | Build | House |
| 15:00 | Build | Farm |
| 15:00 | Build | Farm |
| 15:02 | Build | Farm |
| 15:08 | Build | Farm |
| 15:47 | Research | Scale Barding Armor |
| 15:58 | Age | Castle Age |
| 16:10 | Build | Town Center |
| 16:43 | Build | Town Center |
| 16:48 | Create | Villager (Male) |
| 16:52 | Research | Wheelbarrow |
| 17:14 | Create | Villager (Male) |
| 17:14 | Create | Villager (Male) |
| 17:35 | Create | Villager (Male) |
| 17:40 | Create | Villager (Male) |
| 17:40 | Create | Villager (Male) |
| 17:58 | Build | Barracks |
| 18:10 | Create | Villager (Male) |
| 18:34 | Create | Villager (Male) |
| 18:35 | Create | Villager (Male) |
| 18:35 | Create | Villager (Male) |
| 18:36 | Create | Villager (Male) |
| 18:47 | Build | Farm |
| 18:49 | Build | Farm |
| 18:55 | Build | Farm |
| 19:05 | Build | Farm |
| 19:07 | Create | Villager (Male) |
| 19:08 | Create | Villager (Male) |
| 19:09 | Create | Villager (Male) |
| 19:09 | Create | Villager (Male) |
| 19:20 | Build | Stable |
| 19:33 | Create | Villager (Male) |
| 19:34 | Create | Villager (Male) |
| 19:34 | Create | Villager (Male) |
| 19:35 | Create | Villager (Male) |
| 20:02 | Build | Archery Range |
| 20:16 | Create | Knight |
| 20:20 | Create | Knight |
| 20:21 | Create | Camel Scout |
| 20:31 | Create | Villager (Male) |
| 20:32 | Create | Villager (Male) |
| 20:32 | Create | Villager (Male) |
| 20:33 | Create | Villager (Male) |
| 20:42 | Build | Farm |
| 20:43 | Build | Farm |
| 20:44 | Build | Farm |
| 20:46 | Build | Farm |
| 20:50 | Create | Villager (Male) |
| 20:51 | Create | Villager (Male) |
| 20:51 | Create | Villager (Male) |
| 21:07 | Create | Cavalry Archer |
| 21:08 | Create | Cavalry Archer |
| 21:14 | Create | Genitour |
| 21:25 | Build | Archery Range |
| 21:31 | Create | Knight |
| 21:32 | Create | Villager (Male) |
| 21:34 | Create | Villager (Male) |
| 21:35 | Create | Villager (Male) |
| 21:45 | Build | Lumber Camp |
| 21:54 | Build | Farm |
| 22:02 | Build | Farm |
| 22:03 | Build | Farm |
| 22:11 | Create | Knight |
| 22:15 | Create | Cavalry Archer |
| 22:18 | Build | House |
| 22:24 | Create | Cavalry Archer |
| 22:27 | Create | Genitour |
| 22:31 | Research | Town Watch |
| 22:39 | Research | Bow Saw |
| 22:44 | Build | Farm |
| 22:52 | Build | Farm |
| 22:59 | Build | House |
| 23:02 | Build | House |
| 23:03 | Build | House |
| 23:11 | Create | Knight |
| 23:14 | Create | Cavalry Archer |
| 23:31 | Research | Fletching |
| 23:35 | Research | Forging |
| 23:52 | Build | University |
| 24:18 | Create | Villager (Male) |
| 24:18 | Create | Villager (Male) |
| 24:19 | Create | Villager (Male) |
| 24:19 | Create | Villager (Male) |
| 24:19 | Create | Villager (Male) |
| 24:20 | Create | Villager (Male) |
| 24:20 | Create | Villager (Male) |
| 24:43 | Research | Bodkin Arrow |
| 24:53 | Research | Ballistics |
| 24:54 | Research | Masonry |
| 25:05 | Build | Stable |
| 25:13 | Create | Villager (Male) |
| 25:14 | Create | Villager (Male) |
| 25:16 | Research | Hand Cart |
| 25:19 | Research | Gold Mining |
Build order — loganbelmont227
First 150 of 310 actions detected
| 0:01 | Create | Villager (Male) |
| 0:01 | Create | Villager (Male) |
| 0:01 | Create | Villager (Male) |
| 0:02 | Create | Villager (Male) |
| 0:02 | Create | Villager (Male) |
| 0:04 | Build | House |
| 0:05 | Build | House |
| 0:08 | Build | House |
| 1:41 | Create | Villager (Male) |
| 1:56 | Build | Lumber Camp |
| 2:17 | Create | Villager (Male) |
| 2:42 | Create | Villager (Male) |
| 3:04 | Create | Villager (Male) |
| 3:04 | Create | Villager (Male) |
| 3:35 | Create | Villager (Male) |
| 3:36 | Create | Villager (Male) |
| 4:31 | Create | Villager (Male) |
| 4:31 | Create | Villager (Male) |
| 4:34 | Create | Villager (Male) |
| 4:59 | Create | Villager (Male) |
| 5:30 | Create | Villager (Male) |
| 5:59 | Create | Villager (Male) |
| 6:22 | Build | Mill |
| 6:24 | Create | Villager (Male) |
| 6:49 | Build | House |
| 6:53 | Research | Loom |
| 6:59 | Create | Villager (Male) |
| 7:26 | Create | Villager (Male) |
| 8:24 | Research | Feudal Age |
| 9:10 | Build | House |
| 9:12 | Build | House |
| 9:19 | Create | Villager (Male) |
| 9:54 | Build | Mill |
| 9:57 | Create | Villager (Male) |
| 10:27 | Build | House |
| 10:31 | Create | Villager (Male) |
| 10:34 | Age | Feudal Age |
| 10:35 | Research | Double-Bit Axe |
| 10:35 | Research | Double-Bit Axe |
| 10:42 | Research | Horse Collar |
| 11:00 | Create | Villager (Male) |
| 11:08 | Build | Mining Camp |
| 11:15 | Build | Farm |
| 11:16 | Build | Farm |
| 11:16 | Build | Farm |
| 11:17 | Build | Farm |
| 11:18 | Build | Farm |
| 11:19 | Build | Farm |
| 11:36 | Build | Farm |
| 11:41 | Build | House |
| 11:43 | Create | Villager (Male) |
| 11:49 | Build | Farm |
| 11:54 | Create | Villager (Male) |
| 12:13 | Build | Barracks |
| 12:20 | Create | Villager (Male) |
| 12:57 | Build | Farm |
| 13:02 | Create | Villager (Male) |
| 13:10 | Build | Farm |
| 13:23 | Build | House |
| 13:32 | Create | Spearman |
| 13:43 | Build | Farm |
| 13:47 | Create | Villager (Male) |
| 13:53 | Create | Villager (Male) |
| 14:09 | Build | Market |
| 14:13 | Create | Villager (Male) |
| 14:24 | Build | Farm |
| 14:45 | Build | Blacksmith |
| 14:50 | Build | Farm |
| 15:17 | Build | Farm |
| 15:19 | Create | Villager (Male) |
| 15:23 | Create | Villager (Male) |
| 15:39 | Build | House |
| 15:50 | Build | Farm |
| 16:03 | Create | Villager (Male) |
| 16:22 | Build | Mining Camp |
| 16:28 | Research | Castle Age |
| 17:30 | Build | Barracks |
| 17:45 | Build | Barracks |
| 17:50 | Research | Arson |
| 18:04 | Research | Gold Mining |
| 18:08 | Research | Stone Mining |
| 18:27 | Create | Eagle Scout |
| 18:54 | Build | House |
| 18:56 | Build | House |
| 19:04 | Research | Wheelbarrow |
| 19:14 | Age | Castle Age |
| 19:23 | Build | Town Center |
| 19:31 | Create | Villager (Male) |
| 19:31 | Create | Villager (Male) |
| 19:46 | Research | Bow Saw |
| 20:20 | Build | House |
| 20:22 | Create | Villager (Male) |
| 20:22 | Create | Villager (Male) |
| 20:22 | Create | Villager (Male) |
| 20:37 | Create | Villager (Male) |
| 21:04 | Build | House |
| 21:06 | Build | House |
| 21:11 | Create | Villager (Male) |
| 21:15 | Create | Villager (Male) |
| 21:35 | Build | Monastery |
| 21:41 | Create | Villager (Male) |
| 21:43 | Create | Villager (Male) |
| 22:06 | Create | Villager (Male) |
| 22:07 | Create | Villager (Male) |
| 22:14 | Research | Scale Mail Armor |
| 22:25 | Create | Villager (Male) |
| 22:50 | Build | House |
| 22:51 | Create | Monk |
| 22:52 | Create | Monk |
| 22:56 | Create | Villager (Male) |
| 22:57 | Create | Villager (Male) |
| 22:58 | Create | Villager (Male) |
| 23:15 | Create | Villager (Male) |
| 23:28 | Create | Villager (Male) |
| 23:29 | Create | Villager (Male) |
| 23:59 | Build | Castle |
| 24:16 | Create | Villager (Male) |
| 24:16 | Create | Villager (Male) |
| 24:17 | Create | Villager (Male) |
| 24:19 | Create | Villager (Male) |
| 24:24 | Create | Villager (Male) |
| 25:05 | Create | Villager (Male) |
| 25:06 | Create | Villager (Male) |
| 25:10 | Create | Villager (Male) |
| 25:11 | Create | Villager (Male) |
| 25:16 | Research | Heavy Plow |
| 25:36 | Create | Villager (Male) |
| 25:43 | Build | Town Center |
| 25:53 | Create | Villager (Male) |
| 25:53 | Create | Villager (Male) |
| 26:03 | Create | Villager (Male) |
| 26:03 | Create | Villager (Male) |
| 26:27 | Build | Mining Camp |
| 26:41 | Build | Mill |
| 26:42 | Create | Villager (Male) |
| 26:42 | Create | Villager (Male) |
| 26:46 | Research | Imperial Age |
| 26:54 | Build | Farm |
| 26:54 | Build | Farm |
| 26:54 | Build | Farm |
| 27:06 | Create | Jaguar Warrior |
| 27:06 | Create | Jaguar Warrior |
| 27:18 | Create | Monk |
| 27:23 | Research | Squires |
| 27:35 | Create | Villager (Male) |
| 27:36 | Create | Villager (Male) |
| 27:48 | Build | Farm |
| 27:58 | Create | Villager (Male) |
| 27:59 | Create | Villager (Male) |
| 28:17 | Create | Jaguar Warrior |
Build order — Kılıçarslan
First 150 of 361 actions detected
| 0:13 | Build | House |
| 0:17 | Build | House |
| 0:20 | Build | House |
| 0:22 | Build | House |
| 0:24 | Create | Villager (Male) |
| 0:24 | Create | Villager (Male) |
| 0:25 | Create | Villager (Male) |
| 0:25 | Create | Villager (Male) |
| 2:03 | Create | Villager (Male) |
| 2:48 | Create | Villager (Male) |
| 2:49 | Create | Villager (Male) |
| 3:06 | Create | Villager (Male) |
| 3:43 | Create | Villager (Male) |
| 3:43 | Create | Villager (Male) |
| 3:58 | Create | Villager (Male) |
| 4:17 | Build | Mill |
| 4:41 | Build | Lumber Camp |
| 4:49 | Create | Villager (Male) |
| 4:49 | Create | Villager (Male) |
| 5:23 | Create | Villager (Male) |
| 5:47 | Create | Villager (Male) |
| 5:59 | Create | Villager (Male) |
| 6:26 | Create | Villager (Male) |
| 7:34 | Create | Villager (Male) |
| 8:05 | Create | Villager (Male) |
| 8:09 | Create | Villager (Male) |
| 8:38 | Build | Mining Camp |
| 9:00 | Create | Villager (Male) |
| 9:00 | Create | Villager (Male) |
| 9:04 | Create | Villager (Male) |
| 9:47 | Research | Feudal Age |
| 11:29 | Build | Farm |
| 11:30 | Build | Farm |
| 11:32 | Build | Farm |
| 11:35 | Build | Farm |
| 11:37 | Build | Farm |
| 11:44 | Build | Farm |
| 11:49 | Build | Farm |
| 12:21 | Build | House |
| 12:25 | Age | Feudal Age |
| 12:31 | Build | Market |
| 12:40 | Build | Blacksmith |
| 13:38 | Research | Castle Age |
| 14:06 | Build | Farm |
| 15:34 | Research | Double-Bit Axe |
| 15:39 | Research | Horse Collar |
| 16:18 | Age | Castle Age |
| 16:20 | Build | Town Center |
| 16:28 | Research | Wheelbarrow |
| 17:05 | Build | Farm |
| 17:06 | Build | Farm |
| 17:13 | Create | Villager (Male) |
| 18:03 | Create | Villager (Male) |
| 18:07 | Research | Hand Cart |
| 18:09 | Create | Villager (Male) |
| 18:40 | Create | Villager (Male) |
| 19:01 | Build | Siege Workshop |
| 19:09 | Build | Farm |
| 19:10 | Create | Villager (Male) |
| 19:13 | Create | Villager (Male) |
| 19:19 | Create | Villager (Male) |
| 20:02 | Build | House |
| 20:05 | Create | Villager (Male) |
| 20:06 | Create | Villager (Male) |
| 20:10 | Create | Villager (Male) |
| 20:15 | Research | Heavy Plow |
| 20:23 | Build | Farm |
| 20:25 | Build | Farm |
| 20:27 | Build | Farm |
| 20:28 | Build | Farm |
| 20:38 | Build | Farm |
| 20:53 | Research | Bow Saw |
| 21:25 | Build | Farm |
| 21:27 | Build | Farm |
| 21:32 | Create | Villager (Male) |
| 21:33 | Create | Villager (Male) |
| 21:34 | Create | Villager (Male) |
| 21:37 | Create | Villager (Male) |
| 21:48 | Build | Farm |
| 21:49 | Build | Farm |
| 22:01 | Create | Mangonel |
| 22:28 | Build | Farm |
| 22:33 | Create | Villager (Male) |
| 22:36 | Create | Villager (Male) |
| 22:45 | Build | House |
| 22:53 | Create | Mangonel |
| 22:59 | Create | Villager (Male) |
| 23:02 | Create | Villager (Male) |
| 23:07 | Build | House |
| 23:13 | Create | Villager (Male) |
| 24:10 | Build | House |
| 24:14 | Create | Villager (Male) |
| 24:14 | Create | Villager (Male) |
| 24:25 | Build | Town Center |
| 24:29 | Create | Villager (Male) |
| 24:31 | Create | Villager (Male) |
| 24:31 | Create | Villager (Male) |
| 24:50 | Build | House |
| 24:51 | Build | House |
| 24:54 | Build | House |
| 24:56 | Build | House |
| 25:01 | Create | Villager (Male) |
| 25:36 | Create | Mangonel |
| 25:42 | Create | Villager (Male) |
| 25:44 | Create | Villager (Male) |
| 25:45 | Create | Villager (Male) |
| 25:54 | Build | Farm |
| 25:55 | Build | Farm |
| 25:56 | Build | Farm |
| 25:58 | Build | Farm |
| 26:00 | Build | Farm |
| 26:01 | Create | Villager (Male) |
| 26:02 | Create | Villager (Male) |
| 26:02 | Create | Villager (Male) |
| 26:02 | Create | Villager (Male) |
| 26:07 | Create | Villager (Male) |
| 26:07 | Create | Villager (Male) |
| 26:07 | Create | Villager (Male) |
| 26:08 | Create | Villager (Male) |
| 26:14 | Build | Mining Camp |
| 26:17 | Research | Stone Mining |
| 26:20 | Create | Villager (Male) |
| 26:22 | Create | Villager (Male) |
| 26:49 | Create | Villager (Male) |
| 26:52 | Create | Villager (Male) |
| 26:56 | Research | Gold Mining |
| 27:00 | Create | Villager (Male) |
| 27:06 | Create | Villager (Male) |
| 27:10 | Create | Villager (Male) |
| 27:11 | Create | Villager (Male) |
| 27:14 | Build | House |
| 27:15 | Build | House |
| 27:15 | Build | House |
| 27:15 | Build | House |
| 27:16 | Build | House |
| 27:16 | Build | House |
| 27:17 | Build | House |
| 27:17 | Build | House |
| 27:18 | Build | House |
| 27:18 | Build | House |
| 27:19 | Build | House |
| 27:20 | Build | House |
| 27:20 | Build | House |
| 27:21 | Build | House |
| 27:22 | Build | House |
| 27:23 | Build | House |
| 27:25 | Build | House |
| 27:25 | Build | House |
| 27:30 | Create | Mangonel |
| 28:19 | Create | Villager (Male) |
Build order — WhiteBr0nc0
First 150 of 298 actions detected
| 0:02 | Create | Villager (Male) ×4 |
| 0:04 | Build | House |
| 0:08 | Build | House |
| 1:37 | Create | Villager (Male) |
| 1:50 | Build | Lumber Camp |
| 2:08 | Create | Villager (Male) |
| 2:33 | Create | Villager (Male) |
| 2:59 | Create | Villager (Male) |
| 3:21 | Create | Villager (Male) |
| 3:30 | Build | House |
| 3:33 | Build | House |
| 3:43 | Create | Villager (Male) |
| 4:10 | Create | Villager (Male) |
| 4:23 | Build | Mill |
| 4:30 | Create | Villager (Male) |
| 5:07 | Create | Villager (Male) |
| 5:07 | Create | Villager (Male) |
| 5:07 | Create | Villager (Male) |
| 5:07 | Create | Villager (Male) |
| 6:15 | Create | Villager (Male) |
| 6:15 | Create | Villager (Male) |
| 6:38 | Build | Mill |
| 6:49 | Create | Villager (Male) |
| 6:56 | Create | Villager (Male) |
| 7:11 | Build | Mill |
| 8:11 | Research | Loom |
| 8:15 | Research | Feudal Age |
| 8:56 | Build | Mining Camp |
| 9:50 | Build | House |
| 10:56 | Build | Market |
| 11:12 | Build | Blacksmith |
| 11:28 | Create | Villager (Male) |
| 11:28 | Create | Villager (Male) |
| 12:02 | Build | Mining Camp |
| 12:21 | Research | Castle Age |
| 12:44 | Research | Double-Bit Axe |
| 13:12 | Research | Horse Collar |
| 13:43 | Build | Farm |
| 13:50 | Build | Farm |
| 13:55 | Build | Farm |
| 14:02 | Build | Farm |
| 14:07 | Create | Villager (Male) |
| 14:07 | Create | Villager (Male) |
| 15:08 | Build | Town Center |
| 15:21 | Build | Farm |
| 15:23 | Build | Farm |
| 15:24 | Build | Farm |
| 15:36 | Build | House |
| 15:38 | Build | House |
| 15:47 | Create | Villager (Male) |
| 16:02 | Create | Villager (Male) |
| 16:11 | Research | Bow Saw |
| 16:34 | Create | Villager (Male) |
| 16:34 | Create | Villager (Male) |
| 16:44 | Build | Farm |
| 16:45 | Build | Farm |
| 16:59 | Build | Farm |
| 17:01 | Create | Villager (Male) |
| 17:01 | Create | Villager (Male) |
| 17:24 | Create | Villager (Male) |
| 17:37 | Build | Farm |
| 17:38 | Build | Farm |
| 17:39 | Build | Farm |
| 17:44 | Create | Villager (Male) |
| 17:44 | Create | Villager (Male) |
| 17:58 | Build | Farm |
| 17:59 | Build | Farm |
| 18:03 | Create | Villager (Male) |
| 18:19 | Build | Farm |
| 18:20 | Build | Farm |
| 18:22 | Build | Farm |
| 18:29 | Build | Farm |
| 18:31 | Create | Villager (Male) |
| 18:31 | Create | Villager (Male) |
| 18:50 | Build | House |
| 18:52 | Build | House |
| 18:53 | Build | House |
| 19:11 | Research | Wheelbarrow |
| 19:22 | Build | Farm |
| 19:24 | Build | Farm |
| 19:26 | Create | Villager (Male) |
| 19:26 | Create | Villager (Male) |
| 19:35 | Build | Farm |
| 19:46 | Build | Farm |
| 19:47 | Build | Farm |
| 19:51 | Build | Farm |
| 19:54 | Create | Villager (Male) |
| 19:55 | Create | Villager (Male) |
| 19:55 | Create | Villager (Male) |
| 20:25 | Build | House |
| 20:26 | Build | House |
| 20:33 | Research | Gold Mining |
| 20:45 | Research | Stone Mining |
| 21:08 | Build | Farm |
| 21:20 | Create | Villager (Male) |
| 21:20 | Create | Villager (Male) |
| 21:29 | Create | Villager (Male) |
| 21:30 | Create | Villager (Male) |
| 21:34 | Create | Villager (Male) |
| 21:34 | Create | Villager (Male) |
| 21:53 | Build | University |
| 22:31 | Build | Siege Workshop |
| 23:01 | Create | Villager (Male) |
| 23:01 | Create | Villager (Male) |
| 23:18 | Research | Imperial Age |
| 23:28 | Create | Villager (Male) |
| 23:28 | Create | Villager (Male) |
| 23:39 | Build | Castle |
| 23:46 | Build | Mining Camp |
| 23:52 | Research | Heavy Plow |
| 24:07 | Research | Scale Barding Armor |
| 24:32 | Create | Villager (Male) |
| 24:33 | Create | Villager (Male) |
| 24:42 | Research | Forging |
| 25:07 | Build | Barracks |
| 25:22 | Create | Villager (Male) |
| 25:25 | Create | Villager (Male) |
| 25:42 | Research | Chain Barding Armor |
| 25:44 | Research | Iron Casting |
| 25:55 | Build | Stable |
| 26:04 | Build | Stable |
| 26:07 | Build | Stable |
| 26:10 | Build | Stable |
| 26:18 | Create | Villager (Male) |
| 26:18 | Create | Villager (Male) |
| 26:34 | Create | Villager (Male) |
| 26:34 | Create | Villager (Male) |
| 27:05 | Build | Stable |
| 27:06 | Build | Stable |
| 27:13 | Build | Stable |
| 27:15 | Create | Villager (Male) |
| 27:15 | Create | Villager (Male) |
| 27:16 | Create | Villager (Male) |
| 27:16 | Create | Villager (Male) |
| 27:19 | Research | Plate Barding Armor |
| 27:21 | Research | Bloodlines |
| 27:22 | Research | Husbandry |
| 27:45 | Research | Cavalier (upgrade) |
| 27:48 | Create | Villager (Male) |
| 27:49 | Create | Villager (Male) |
| 28:01 | Build | Mill |
| 28:06 | Build | Farm |
| 28:13 | Build | Farm |
| 28:29 | Build | Farm |
| 28:37 | Research | Hand Cart |
| 28:40 | Create | Villager (Male) |
| 28:40 | Create | Villager (Male) |
| 28:52 | Research | Blast Furnace |
| 29:03 | Create | Knight |
| 29:03 | Create | Knight |
Build order — Dostoyevski
First 150 of 261 actions detected
| 0:09 | Build | House |
| 0:11 | Build | House |
| 0:18 | Create | Villager (Male) |
| 0:19 | Research | Loom |
| 0:19 | Create | Villager (Male) |
| 0:19 | Create | Villager (Male) |
| 0:20 | Create | Villager (Male) |
| 0:20 | Create | Villager (Male) |
| 0:22 | Research | Loom |
| 0:57 | Build | House |
| 0:59 | Build | House |
| 1:37 | Build | Mining Camp |
| 1:57 | Create | Villager (Male) |
| 1:57 | Create | Villager (Male) |
| 2:33 | Create | Villager (Male) |
| 2:34 | Create | Villager (Male) |
| 3:15 | Create | Villager (Male) |
| 3:16 | Create | Villager (Male) |
| 3:54 | Create | Villager (Male) |
| 3:54 | Create | Villager (Male) |
| 4:22 | Create | Villager (Male) |
| 4:22 | Create | Villager (Male) |
| 5:02 | Create | Villager (Male) |
| 5:21 | Create | Villager (Male) |
| 5:21 | Create | Villager (Male) |
| 5:21 | Create | Villager (Male) |
| 5:22 | Create | Villager (Male) |
| 5:22 | Create | Villager (Male) |
| 6:03 | Create | Villager (Male) |
| 7:56 | Create | Villager (Male) |
| 8:17 | Build | Mining Camp |
| 8:27 | Create | Villager (Male) |
| 8:43 | Build | Mill |
| 8:46 | Create | Villager (Male) |
| 9:12 | Create | Villager (Male) |
| 9:41 | Build | House |
| 9:42 | Build | House |
| 9:49 | Research | Feudal Age |
| 10:01 | Build | Lumber Camp |
| 11:59 | Age | Feudal Age |
| 12:04 | Create | Villager (Male) |
| 12:05 | Create | Villager (Male) |
| 12:18 | Build | Market |
| 12:28 | Build | Blacksmith |
| 12:34 | Create | Villager (Male) |
| 13:12 | Build | Barracks |
| 13:29 | Create | Villager (Male) |
| 14:28 | Research | Castle Age |
| 14:37 | Create | Spearman |
| 14:44 | Create | Spearman |
| 15:33 | Build | House |
| 15:35 | Build | House |
| 15:37 | Build | House |
| 15:58 | Build | Palisade Gate |
| 16:10 | Build | Farm |
| 16:12 | Build | Farm |
| 16:14 | Build | Farm |
| 16:16 | Build | Farm |
| 16:18 | Build | Farm |
| 16:19 | Build | Farm |
| 16:22 | Build | Farm |
| 16:29 | Build | Farm |
| 16:31 | Build | Farm |
| 16:51 | Build | Farm |
| 17:08 | Age | Castle Age |
| 17:11 | Build | Farm |
| 17:24 | Build | Farm |
| 17:25 | Create | Villager (Male) |
| 17:26 | Create | Villager (Male) |
| 17:57 | Create | Villager (Male) |
| 18:16 | Build | Castle |
| 18:22 | Create | Spearman |
| 18:22 | Create | Spearman |
| 18:29 | Create | Villager (Male) |
| 18:33 | Research | Double-Bit Axe |
| 19:31 | Research | Man-at-Arms (upgrade) |
| 19:35 | Build | Barracks |
| 20:13 | Create | Militia |
| 20:15 | Create | Militia |
| 20:18 | Create | Villager (Male) |
| 20:19 | Create | Villager (Male) |
| 20:25 | Build | Town Center |
| 20:31 | Create | Villager (Male) |
| 20:37 | Create | Militia |
| 20:38 | Create | Militia |
| 21:34 | Build | Gate |
| 21:43 | Create | Militia |
| 21:44 | Create | Militia |
| 21:50 | Create | Villager (Male) |
| 21:51 | Create | Villager (Male) |
| 21:57 | Build | Farm |
| 21:59 | Build | Farm |
| 22:00 | Build | Farm |
| 22:03 | Create | Villager (Male) |
| 22:03 | Create | Villager (Male) |
| 22:34 | Create | Villager (Male) |
| 22:35 | Create | Villager (Male) |
| 22:37 | Create | Villager (Male) |
| 22:37 | Create | Villager (Male) |
| 22:44 | Build | Town Center |
| 23:13 | Build | Barracks |
| 23:26 | Build | Siege Workshop |
| 23:37 | Create | Villager (Male) |
| 23:43 | Build | Farm |
| 23:44 | Build | Farm |
| 23:47 | Create | Villager (Male) |
| 23:47 | Create | Villager (Male) |
| 23:49 | Research | Wheelbarrow |
| 24:04 | Create | Villager (Male) |
| 24:05 | Create | Villager (Male) |
| 24:08 | Create | Villager (Male) |
| 24:32 | Build | Farm |
| 24:33 | Create | Villager (Male) |
| 24:42 | Build | Town Center |
| 24:47 | Create | Villager (Male) |
| 24:58 | Build | Farm |
| 25:00 | Create | Villager (Male) |
| 25:03 | Create | Villager (Male) |
| 25:04 | Create | Villager (Male) |
| 25:30 | Build | Gate |
| 25:38 | Create | Villager (Male) |
| 25:38 | Create | Villager (Male) |
| 25:45 | Build | Farm |
| 25:46 | Build | Farm |
| 25:49 | Create | Villager (Male) |
| 25:49 | Create | Villager (Male) |
| 25:51 | Create | Villager (Male) |
| 25:51 | Create | Villager (Male) |
| 26:04 | Create | Mangonel |
| 26:14 | Build | House |
| 26:16 | Build | House |
| 26:17 | Build | House |
| 26:19 | Build | House |
| 26:20 | Build | House |
| 26:21 | Build | House |
| 26:23 | Build | House |
| 26:26 | Build | House |
| 26:27 | Build | House |
| 26:29 | Build | House |
| 26:32 | Create | Villager (Male) |
| 26:32 | Create | Villager (Male) |
| 26:34 | Create | Villager (Male) |
| 26:35 | Create | Villager (Male) |
| 26:38 | Build | Farm |
| 26:58 | Research | Long Swordsman (upgrade) |
| 27:00 | Create | Militia |
| 27:00 | Create | Militia |
| 27:17 | Build | Farm |
| 27:18 | Create | Villager (Male) |
| 27:18 | Create | Villager (Male) |
Build order — 12121212
First 150 of 410 actions detected
| 0:05 | Build | House |
| 0:10 | Build | House |
| 0:12 | Build | House |
| 0:22 | Research | Loom |
| 0:23 | Create | Villager (Male) |
| 0:23 | Create | Villager (Male) |
| 0:23 | Create | Villager (Male) |
| 0:23 | Create | Villager (Male) |
| 0:24 | Create | Villager (Male) |
| 0:47 | Build | House |
| 0:48 | Build | House |
| 1:49 | Create | Villager (Male) |
| 2:26 | Build | Lumber Camp |
| 2:37 | Create | Villager (Male) |
| 3:06 | Create | Villager (Male) |
| 3:42 | Create | Villager (Male) |
| 4:05 | Create | Villager (Male) |
| 4:30 | Create | Villager (Male) |
| 5:10 | Create | Villager (Male) |
| 5:10 | Create | Villager (Male) |
| 5:10 | Create | Villager (Male) |
| 5:38 | Build | Mill |
| 5:56 | Create | Villager (Male) |
| 5:57 | Create | Villager (Male) |
| 5:57 | Create | Villager (Male) |
| 6:27 | Create | Villager (Male) |
| 6:54 | Create | Villager (Male) |
| 7:26 | Create | Villager (Male) |
| 7:48 | Build | Mining Camp |
| 7:51 | Create | Villager (Male) |
| 8:09 | Build | Mining Camp |
| 8:11 | Create | Villager (Male) |
| 8:34 | Create | Villager (Male) |
| 9:12 | Create | Villager (Male) |
| 9:31 | Create | Villager (Male) |
| 10:08 | Create | Villager (Male) |
| 10:41 | Research | Feudal Age |
| 10:52 | Build | Mill |
| 11:03 | Create | Villager (Male) |
| 11:24 | Build | House |
| 11:56 | Create | Villager (Male) |
| 12:51 | Age | Feudal Age |
| 12:52 | Research | Horse Collar |
| 12:52 | Research | Horse Collar |
| 12:55 | Create | Villager (Male) |
| 12:57 | Research | Double-Bit Axe |
| 13:02 | Build | Market |
| 13:11 | Build | Blacksmith |
| 13:19 | Build | Farm |
| 13:20 | Create | Villager (Male) |
| 13:31 | Create | Villager (Male) |
| 13:50 | Build | Farm |
| 14:10 | Build | Farm |
| 14:36 | Build | Barracks |
| 14:41 | Build | Farm |
| 14:46 | Create | Villager (Male) |
| 15:04 | Create | Villager (Male) |
| 15:10 | Build | Farm |
| 15:20 | Build | Farm |
| 15:21 | Build | Farm |
| 15:21 | Build | Farm |
| 15:22 | Build | Farm |
| 15:22 | Build | Farm |
| 15:23 | Build | Farm |
| 15:23 | Build | Farm |
| 15:23 | Build | Farm |
| 15:29 | Create | Villager (Male) |
| 15:37 | Build | Farm |
| 16:02 | Create | Spearman |
| 16:28 | Research | Castle Age |
| 16:56 | Research | Stone Mining |
| 17:14 | Create | Villager (Male) |
| 17:24 | Research | Scale Mail Armor |
| 17:29 | Create | Spearman |
| 17:49 | Research | Gold Mining |
| 17:56 | Build | House |
| 18:04 | Build | Mill |
| 18:11 | Create | Spearman |
| 18:27 | Create | Villager (Male) |
| 19:08 | Age | Castle Age |
| 19:14 | Build | Town Center |
| 19:16 | Research | Bow Saw |
| 19:16 | Research | Bow Saw |
| 19:26 | Create | Villager (Male) |
| 19:42 | Create | Villager (Male) |
| 20:03 | Build | Castle |
| 20:07 | Create | Villager (Male) |
| 20:08 | Create | Villager (Male) |
| 20:26 | Create | Villager (Male) |
| 20:29 | Create | Villager (Male) |
| 20:32 | Build | Farm |
| 20:39 | Research | Padded Archer Armor |
| 20:47 | Research | Squires |
| 20:55 | Create | Villager (Male) |
| 20:58 | Build | Farm |
| 20:59 | Create | Villager (Male) |
| 21:02 | Create | Villager (Male) |
| 21:03 | Create | Villager (Male) |
| 21:03 | Create | Villager (Male) |
| 21:12 | Research | Heavy Plow |
| 21:23 | Build | House |
| 21:24 | Build | House |
| 21:29 | Build | Farm |
| 21:34 | Research | Wheelbarrow |
| 21:35 | Research | Wheelbarrow |
| 21:50 | Create | Villager (Male) |
| 21:52 | Create | Villager (Male) |
| 22:01 | Build | Farm |
| 22:03 | Create | Villager (Male) |
| 22:07 | Create | Villager (Male) |
| 22:23 | Build | Mining Camp |
| 22:24 | Build | Mining Camp |
| 22:31 | Research | Pikeman (upgrade) |
| 22:37 | Create | Villager (Male) |
| 22:41 | Build | Farm |
| 22:51 | Create | Villager (Male) |
| 22:54 | Build | Farm |
| 23:00 | Build | House |
| 23:04 | Research | Forging |
| 23:06 | Create | Villager (Male) |
| 23:11 | Create | Samurai |
| 23:12 | Create | Samurai |
| 23:24 | Build | Farm |
| 23:24 | Create | Villager (Male) |
| 23:38 | Create | Villager (Male) |
| 23:39 | Create | Villager (Male) |
| 23:46 | Build | Monastery |
| 23:47 | Create | Villager (Male) |
| 23:49 | Create | Villager (Male) |
| 24:09 | Create | Villager (Male) |
| 24:12 | Create | Villager (Male) |
| 24:12 | Create | Villager (Male) |
| 24:24 | Build | Town Center |
| 24:28 | Build | Farm |
| 24:29 | Build | Farm |
| 24:32 | Create | Monk |
| 24:54 | Build | Farm |
| 24:55 | Create | Monk |
| 25:13 | Create | Villager (Male) |
| 25:16 | Create | Villager (Male) |
| 25:19 | Build | Farm |
| 25:20 | Create | Villager (Male) |
| 25:24 | Create | Villager (Male) |
| 25:50 | Build | Farm |
| 25:50 | Create | Villager (Male) |
| 25:52 | Build | Farm |
| 25:54 | Build | Farm |
| 25:56 | Create | Villager (Male) |
| 25:56 | Create | Villager (Male) |
| 26:01 | Build | Farm |
Build order — BrisVegasDan
First 150 of 341 actions detected
| 0:03 | Create | Villager (Male) |
| 0:03 | Create | Villager (Male) |
| 0:04 | Create | Villager (Male) |
| 0:06 | Build | House |
| 0:07 | Build | House |
| 0:08 | Create | Villager (Male) |
| 0:09 | Create | Villager (Male) |
| 1:45 | Create | Villager (Male) |
| 2:15 | Create | Villager (Male) |
| 2:29 | Create | Villager (Male) |
| 2:57 | Create | Villager (Male) |
| 3:26 | Create | Villager (Male) |
| 3:50 | Create | Villager (Male) |
| 4:05 | Build | House |
| 4:15 | Create | Villager (Male) |
| 4:25 | Build | Mill |
| 4:46 | Create | Villager (Male) |
| 5:12 | Create | Villager (Male) |
| 5:36 | Create | Villager (Male) |
| 5:57 | Create | Villager (Male) |
| 6:25 | Create | Villager (Male) |
| 6:38 | Create | Villager (Male) |
| 6:47 | Build | House |
| 6:52 | Build | House |
| 6:59 | Build | Mining Camp |
| 7:27 | Create | Villager (Male) |
| 7:39 | Create | Villager (Male) |
| 7:45 | Build | Lumber Camp |
| 7:58 | Create | Villager (Male) |
| 8:18 | Create | Villager (Male) |
| 8:46 | Research | Feudal Age |
| 10:32 | Build | Farm |
| 10:36 | Build | Farm |
| 10:56 | Age | Feudal Age |
| 11:17 | Research | Castle Age |
| 12:11 | Build | Farm |
| 12:12 | Build | Farm |
| 12:13 | Build | Farm |
| 12:15 | Build | Farm |
| 12:16 | Build | Farm |
| 12:17 | Build | Farm |
| 12:26 | Build | House |
| 12:39 | Build | House |
| 13:13 | Research | Double-Bit Axe |
| 13:23 | Build | House |
| 13:27 | Build | House |
| 13:40 | Create | Villager (Male) |
| 13:40 | Create | Villager (Male) |
| 13:42 | Create | Villager (Male) |
| 13:42 | Create | Villager (Male) |
| 13:57 | Age | Castle Age |
| 14:04 | Build | Town Center |
| 14:13 | Build | Town Center |
| 14:25 | Create | Villager (Male) |
| 14:29 | Build | Farm |
| 15:31 | Create | Villager (Male) |
| 15:32 | Create | Villager (Male) |
| 15:32 | Create | Villager (Male) |
| 15:32 | Create | Villager (Male) |
| 15:35 | Build | Farm |
| 15:38 | Build | Farm |
| 15:41 | Build | Farm |
| 15:44 | Build | Farm |
| 15:58 | Create | Villager (Male) |
| 15:58 | Create | Villager (Male) |
| 15:58 | Create | Villager (Male) |
| 15:59 | Create | Villager (Male) |
| 16:01 | Create | Villager (Male) |
| 16:01 | Create | Villager (Male) |
| 16:09 | Build | Farm |
| 16:25 | Build | Farm |
| 16:25 | Create | Villager (Male) |
| 16:29 | Create | Villager (Male) |
| 16:42 | Build | Farm |
| 16:51 | Create | Villager (Male) |
| 16:53 | Create | Villager (Male) |
| 16:55 | Create | Villager (Male) |
| 16:56 | Create | Villager (Male) |
| 17:05 | Build | Farm |
| 17:15 | Build | Farm |
| 17:18 | Build | Farm |
| 17:21 | Build | Farm |
| 17:24 | Create | Villager (Male) |
| 17:26 | Create | Villager (Male) |
| 17:28 | Create | Villager (Male) |
| 17:28 | Create | Villager (Male) |
| 17:44 | Build | House |
| 17:50 | Build | House |
| 17:51 | Build | House |
| 17:53 | Build | House |
| 18:03 | Create | Villager (Male) |
| 18:03 | Create | Villager (Male) |
| 18:05 | Create | Villager (Male) |
| 18:06 | Create | Villager (Male) |
| 18:08 | Create | Villager (Male) |
| 18:12 | Build | Farm |
| 18:16 | Build | Farm |
| 18:22 | Build | Farm |
| 18:29 | Build | Farm |
| 18:31 | Create | Villager (Male) |
| 18:31 | Create | Villager (Male) |
| 18:34 | Create | Villager (Male) |
| 18:36 | Create | Villager (Male) |
| 19:17 | Build | Stable |
| 19:24 | Create | Villager (Male) |
| 19:24 | Create | Villager (Male) |
| 19:26 | Create | Villager (Male) |
| 19:26 | Create | Villager (Male) |
| 19:29 | Create | Villager (Male) |
| 19:29 | Create | Villager (Male) |
| 19:33 | Build | Farm |
| 19:39 | Build | Farm |
| 19:44 | Build | Farm |
| 19:47 | Build | Farm |
| 19:50 | Build | Farm |
| 20:36 | Build | Stable |
| 20:46 | Create | Villager (Male) |
| 20:46 | Create | Villager (Male) |
| 20:48 | Create | Villager (Male) |
| 20:48 | Create | Villager (Male) |
| 20:50 | Create | Villager (Male) |
| 20:50 | Create | Villager (Male) |
| 20:53 | Build | Farm |
| 20:58 | Build | Farm |
| 21:02 | Build | Farm |
| 21:06 | Build | Farm |
| 21:20 | Create | Villager (Male) |
| 21:20 | Create | Villager (Male) |
| 21:23 | Create | Villager (Male) |
| 21:23 | Create | Villager (Male) |
| 21:43 | Create | Villager (Male) |
| 21:44 | Create | Villager (Male) |
| 21:45 | Create | Villager (Male) |
| 21:45 | Create | Villager (Male) |
| 21:53 | Build | House |
| 21:54 | Build | House |
| 22:09 | Build | Mining Camp |
| 22:15 | Build | House |
| 22:16 | Build | House |
| 22:18 | Build | House |
| 22:19 | Build | House |
| 22:20 | Build | House |
| 22:34 | Build | Farm |
| 22:36 | Build | Farm |
| 22:57 | Build | Stable |
| 23:10 | Create | Villager (Male) |
| 23:11 | Create | Villager (Male) |
| 23:17 | Research | Imperial Age |
| 23:30 | Build | Mining Camp |
| 23:32 | Create | Villager (Male) |
Match timeline
| 10:18 | alterg27 · age_up feudal |
| 10:34 | loganbelmont227 · age_up feudal |
| 10:56 | BrisVegasDan · age_up feudal |
| 11:46 | AllBirds · age_up feudal |
| 11:59 | Dostoyevski · age_up feudal |
| 12:13 | loganbelmont227 · first_building Barracks |
| 12:25 | Kılıçarslan · age_up feudal |
| 12:51 | 12121212 · age_up feudal |
| 13:12 | Dostoyevski · first_building Barracks |
| 13:52 | AllBirds · first_market_sell 100 stone |
| 13:52 | AllBirds · first_market_buy 100 food |
| 13:57 | BrisVegasDan · age_up castle |
| 14:16 | Dostoyevski · first_market_buy 100 food |
| 14:36 | 12121212 · first_building Barracks |
| 14:56 | AllBirds · first_building Barracks |
| 15:30 | loganbelmont227 · first_market_buy 100 food |
| 15:58 | AllBirds · first_building Archery Range |
| 15:58 | alterg27 · age_up castle |
| 16:18 | Kılıçarslan · age_up castle |
| 16:56 | AllBirds · age_up castle |
| 17:08 | Dostoyevski · age_up castle |
| 17:58 | alterg27 · first_building Barracks |
| 18:16 | Dostoyevski · first_building Castle |
| 19:01 | Kılıçarslan · first_building Siege Workshop |
| 19:08 | 12121212 · age_up castle |
| 19:14 | loganbelmont227 · age_up castle |
| 19:17 | BrisVegasDan · first_building Stable |
| 19:20 | alterg27 · first_building Stable |
| 19:43 | AllBirds · wall_segment Stone Wall x1 |
| 19:44 | AllBirds · wall_segment Stone Wall x1 |
| 20:02 | alterg27 · first_building Archery Range |
| 20:03 | 12121212 · first_building Castle |
| 20:18 | AllBirds · wall_segment Stone Wall x1 |
| 20:19 | AllBirds · wall_segment Stone Wall x1 |
| 21:35 | loganbelmont227 · first_building Monastery |
| 22:31 | WhiteBr0nc0 · first_building Siege Workshop |
| 22:57 | WhiteBr0nc0 · first_market_sell 100 food |
| 23:05 | loganbelmont227 · first_market_sell 100 food |
| 23:26 | AllBirds · first_building Siege Workshop |
| 23:26 | Dostoyevski · first_building Siege Workshop |
| 23:39 | WhiteBr0nc0 · first_building Castle |
| 23:46 | 12121212 · first_building Monastery |
| 23:59 | loganbelmont227 · first_building Castle |
| 25:07 | WhiteBr0nc0 · first_building Barracks |
| 25:36 | AllBirds · wall_segment Palisade Wall x1 |
| 25:55 | WhiteBr0nc0 · first_building Stable |
| 26:27 | AllBirds · first_building Castle |
| 26:28 | BrisVegasDan · age_up imperial |
| 26:38 | alterg27 · first_building Monastery |
| 28:28 | 12121212 · first_building Archery Range |
| 28:28 | AllBirds · first_building Monastery |
| 28:30 | BrisVegasDan · first_building Castle |
| 28:37 | Dostoyevski · first_building Archery Range |
| 29:56 | loganbelmont227 · age_up imperial |
| 30:03 | Kılıçarslan · first_building Barracks |
| 31:51 | 12121212 · age_up imperial |
| 31:59 | Kılıçarslan · first_building Stable |
| 32:02 | Dostoyevski · first_market_sell 100 wood |
| 33:20 | BrisVegasDan · first_building Siege Workshop |
| 33:51 | alterg27 · first_building Siege Workshop |
| 33:51 | Kılıçarslan · first_building Castle |
| 34:50 | Kılıçarslan · wall_segment Stone Wall x18 |
| 35:47 | alterg27 · first_building Castle |
| 35:58 | Dostoyevski · age_up imperial |
| 36:00 | Kılıçarslan · age_up imperial |
| 37:36 | AllBirds · age_up imperial |
| 37:51 | 12121212 · first_market_sell 100 food |
| 38:39 | alterg27 · age_up imperial |
| 40:29 | alterg27 · tribute_sent a jugador 2 |
| 40:29 | alterg27 · tribute_sent a jugador 3 |
| 40:29 | alterg27 · tribute_sent a jugador 4 |
| 40:29 | alterg27 · tribute_sent a jugador 5 |
| 40:29 | alterg27 · tribute_sent a jugador 6 |
| 40:29 | alterg27 · tribute_sent a jugador 7 |
| 40:29 | alterg27 · tribute_sent a jugador 8 |
| 40:34 | Kılıçarslan · first_market_buy 100 stone |
| 41:17 | Kılıçarslan · first_market_sell 100 wood |
| 46:01 | alterg27 · resign |
[ AI ANALYSIS · 1 CREDIT ]
What really happened in this match?
Wolo.gg analyzes every decision: build order, eco, micro, common mistakes by bracket. Personalized analysis on WhatsApp or Discord in 30 seconds.
Civ guide
Japanese
Map guide
Arena
Perfil
Jugador #969961